 Dungeon Crawl Stone Soup version 0.23.2-30-g0e89c35 (webtiles) character file.

Game seed: 15324599221855664238

37167 robbits the Black Belt (level 13, -6/96 HPs)
             Began as a Demonspawn Monk on June 13, 2019.
             Was an Initiate of Gozag.
             Splashed by Sonja's acid (9 damage)
             ... on level 5 of the Lair of Beasts.
             The game lasted 01:09:46 (20537 turns).

robbits the Black Belt (Demonspawn Monk)           Turns: 20537, Time: 01:09:46

Health: -6/96      AC: 17    Str: 16    XL:     13   Next: 56%
Magic:  0/14       EV: 21    Int: 14    God:    Gozag
Gold:   3611       SH: 13    Dex: 18    Spells: 7/14 levels left

rFire    . . .     SeeInvis .     - Unarmed
rCold    + . .     Gourm    .   p - +2 buckler
rNeg     . . .     Faith    .   h - +0 robe "Qynavedd" {Str+2}
rPois    +         Spirit   +   D - +0 helmet
rElec    .         Reflect  +   B - +2 cloak
rCorr    .         Harm     .   K - +1 pair of gloves
MR       .....                  o - +2 pair of boots
Stlth    +++.......             i - +5 amulet of reflection
HPRegen  0.26/turn              k - +3 ring of protection
MPRegen  0.28/turn              n - +2 ring of evasion

@: lethally poisoned (-6 -> -9), singing, berserk cooldown, slowed, very slow
A: talons 2, slimy green scales 2, agile 1, cold resistance 1, foul stench 1,
poison resistance, magic shield, magic regeneration, rot immunity
a: Potion Petition, Call Merchant, Bribe Branch, Renounce Religion


You were on level 5 of the Lair of Beasts.
You worshipped Gozag.
Gozag was most pleased with you.
You were not hungry.

You visited 2 branches of the dungeon, and saw 16 of its levels.
You also visited: Ossuary and Gauntlet.

You collected 4003 gold pieces.
You spent 392 gold pieces at shops.

Inventory:

Missiles
 f - 21 javelins
 z - 3 throwing nets (quivered)
Armour
 h - the +0 robe "Qynavedd" (worn) {Str+2}
   (You found it in a Gauntlet)

   It affects your strength (+2).
 o - a +2 pair of boots (worn)
 p - a +2 buckler (worn)
 B - a +2 cloak (worn)
 D - a +0 helmet (worn)
 K - a +1 pair of gloves (worn)
 M - a +3 leather armour of cold resistance
Jewellery
 a - the amulet "Edous" {Inacc +Fly, unknown}
   (You found it in a Gauntlet)

   [amulet of inaccuracy]

   It reduces the accuracy of all your attacks.
   It lets you fly.
 c - an uncursed ring of ice
 i - a +5 amulet of reflection (around neck)
 k - a +3 ring of protection (left hand)
 n - a +2 ring of evasion (right hand)
 A - an uncursed ring of magical power
 I - an uncursed amulet of harm {unknown}
Wands
 d - a wand of paralysis (7)
 l - a wand of polymorph (2)
 m - a wand of acid (18)
 w - a wand of iceblast (11)
 y - a wand of digging (11)
 F - a wand of disintegration (11)
 L - a wand of clouds (5)
Scrolls
 s - a scroll of remove curse
 x - 6 scrolls of teleportation
 C - 2 scrolls of enchant weapon
 E - a scroll of brand weapon
 H - 2 scrolls of vulnerability
Potions
 g - 3 potions of brilliance
 j - 3 potions of resistance
 q - a potion of flight
 r - 2 potions of lignification
 u - a potion of magic
 v - 3 potions of invisibility
 G - 3 potions of cancellation {unknown}
Miscellaneous
 t - a fan of gales (inert)
Comestibles
 b - 16 rations


   Skills:
 * Level 7.0 Fighting
 - Level 0.1 Armour
 + Level 9.0 Dodging
 - Level 4.3 Stealth
 - Level 5.0 Shields
 + Level 15.8 Unarmed Combat
 - Level 1.3 Spellcasting
 * Level 7.3 Charms
 + Level 1.5 Translocations
 - Level 0.1 Evocations


You had 7 spell levels left.
You knew the following spells:

 Your Spells              Type           Power        Failure   Level  Hunger
a - Shroud of Golubria    Chrm/Tloc      ##........   6%          2    ###....
b - Song of Slaying       Chrm           ###.....     1%          2    ###....
c - Regeneration          Chrm/Necr      ##........   17%         3    ####...

Your spell library contained the following spells:

 Spells                   Type           Power        Failure   Level  Hunger
 Infusion                 Chrm           ###.         1%          1    ##.....
 Spectral Weapon          Hex/Chrm       ##......     17%         3    ####...
 Beastly Appendage        Tmut           #.....       26%         1    ##.....
 Magic Dart               Conj           #...         26%         1    ##.....
 Summon Small Mammal      Summ           #...         26%         1    ##.....
 Call Imp                 Summ           #.......     36%         2    ###....
 Searing Ray              Conj           #.....       36%         2    ###....
 Sticks to Snakes         Tmut           #.......     36%         2    ###....
 Call Canine Familiar     Summ           #.......     61%         3    ####...
 Dazzling Spray           Conj/Hex       #.....       61%         3    ####...
 Spider Form              Tmut/Pois      #.........   61%         3    ####...
 Summon Guardian Golem    Hex/Summ       #.......     61%         3    ####...
 Force Lance              Conj/Tloc      #.......     88%         4    #####..
 Fulminant Prism          Conj/Hex       #.........   95%         4    #####..
 Ice Form                 Ice/Tmut       #.......     95%         4    #####..
 Iskenderun's Mystic Bla  Conj           #.......     95%         4    #####..
 Summon Ice Beast         Ice/Summ       #.......     95%         4    #####..
 Summon Lightning Spire   Summ/Air       #.......     95%         4    #####..
 Blade Hands              Tmut           #.........   100%        5    ######.


Dungeon Overview and Level Annotations

Branches:
Dungeon (10/15)            Temple (0/1) D:5            Lair (6/6) D:10
 Shoals (0/4) Lair:3        Snake (0/4) Lair:3        Slime (0/5) Lair:5
    Orc: D:9-12

Altars:
Dithmenos
Elyvilon
Fedhas
Gozag
Kikubaaqudgha
Makhleb
Nemelex Xobeh
Okawaru
Qazlal
Ru
Trog
Uskayaw
Yredelemnul
The Shining One

Shops:
D:10 }

Annotations:
Lair:1 2 transporters, reptisaurus's ghost, journeyman OgAE
Lair:3 2 transporters, Loywebes's ghost, journeyman MiFi
Lair:5 Sonja
Lair:6 exclusion: oklob plant


Innate Abilities, Weirdness & Mutations

You have razor-sharp toenails.
You are mostly covered in slimy green scales. (AC +3)
You may emit foul miasma when damaged in melee.
When hurt, damage is shared between your health and your magic reserves.
You regenerate magic rapidly.
You are immune to rotting.
You are agile. (Dex +2)
Your flesh is cold resistant. (rC+)
Your system is resistant to poisons. (rPois)


Message History

You are too berserk!
Sonja hits the plant but does no damage.
Sonja hits the plant with a +2 short sword of venom.
The plant is poisoned.
Sonja hits the plant but does no damage.
You feel a strong urge to attack something.
You feel sick.
Sonja gestures wildly while chanting.
Sonja blinks!
You feel your anger nearly subside.
You are no longer berserk.
You are exhausted.
You feel yourself slow down.
Sonja mumbles some strange words.
Sonja looks slightly unstable.
You feel sick. You block Sonja's attack. Sonja misses you.
You block Sonja's attack.
Sonja zaps a wand.
The bolt of acid hits you!!
* * * LOW HITPOINT WARNING * * *
You are splashed with acid!
You die...
Your body crumbles into a pile of gold.

# #.#..######.....P..## ####...
#####...## ##.....P...###.##...
.#.#.....### #..........P#.#.....
...........###....P..............
....##......##....P..............
...###...........PP........P.....
..P.###..........P.......#####...
....###..............$..## ....
.....##...###..K@..$$P..### ...
#...#....## ###...####..#P# #.
##.......# #...P# ##....### #
##.....### ###P...# #......P####.
......#.# ##P.....# ####...##....
.......####......)#####...PP#...#
.......##.#P..#.....#..#.........
##.............##...#............
##...........#..................


You could see Sonja.

Vanquished Creatures
  Rupert (Lair:4)
  An entropy weaver (Gauntlet)
  A minotaur (Gauntlet)
  3 hydras
  A catoblepas (Lair:5)
  A two-headed ogre (D:9)
  A tengu warrior (Gauntlet)
  An unseen horror (D:10)
  Pikel (D:6)
  Psyche (D:9)
  2 black mambas (Lair:4)
  A smoke demon (Gauntlet)
  10 elephants
  4 spiny frogs
  4 komodo dragons
  A rime drake (Lair:5)
  A red devil (Gauntlet)
  2 tengu conjurers (Gauntlet)
  A troll (D:9)
  A queen bee (Lair:3)
  2 jumping spiders (Gauntlet)
  4 hippogriffs
  A snapping turtle (Lair:3)
  25 blink frogs
  7 dream sheep (Lair:6)
  A wraith (D:10)
  10 yaks
  3 basilisks
  3 wyverns
  Grum (D:9)
  3 nagas (Lair:3)
  8 water moccasins
  6 porcupines
  6 orc warriors
  2 ice beasts
  2 sky beasts
  A black bear (Lair:2)
  A necrophage (D:8)
  3 phantoms
  15 wolves
  5 ogres
  7 centaurs
  13 crocodiles
  A big kobold (D:7)
  10 bullfrogs
  5 scorpions
  23 killer bees (Lair:3)
  5 howler monkeys
  6 crimson imps
  5 jellies
  A centaur zombie (D:5)
  10 orc priests
  6 hounds
  15 orc wizards
  A human zombie (D:5)
  A centaur skeleton (D:9)
  Ijyb (D:3)
  3 iguanas
  12 worker ants
  2 hound zombies (D:9)
  A hound skeleton (D:4)
  8 mummies (Ossuary)
  2 howler monkey zombies
  4 gnolls
  14 adders
  2 shadow imps
  3 oozes (D:1)
  3 worms
  2 dart slugs
  5 leopard geckos
  52 orcs
  2 ball pythons
  6 giant cockroaches
  2 gnoll zombies
  13 goblins
  10 hobgoblins
  12 jackals
  19 kobolds
  A quokka (D:3)
  A ball python skeleton (D:4)
  12 bats
  7 frilled lizards
  4 hobgoblin zombies
  A jackal zombie (D:8)
  2 kobold zombies (Ossuary)
  2 leopard gecko skeletons
  2 orc zombies (Ossuary)
  A quokka skeleton (D:4)
  12 rats
480 creatures vanquished.

Vanquished Creatures (others)
  An ice beast (D:6)
  A bullfrog (D:6)
  An orc priest (D:6)
  7 fungi
  4 plants
14 creatures vanquished.

Grand Total: 494 creatures vanquished

Notes
Turn   | Place    | Note
-------+----------+-------------------------------------------
     0 | D:1      | robbits the Demonspawn Monk began the quest for the Orb.
     0 | D:1      | Reached XP level 1. HP: 18/18 MP: 1/1
    95 | D:1      | Reached skill level 3 in Unarmed Combat
    95 | D:1      | Gained mutation: When hurt, damage is shared between your
                  | health and your magic reserves. [demonic ancestry]
    95 | D:1      | Reached XP level 2. HP: 23/24 MP: 2/2
   441 | D:1      | Gained mutation: You are partially covered in slimy green
                  | scales. (AC +2) [demonic ancestry]
   441 | D:1      | Reached XP level 3. HP: 29/29 MP: 3/3
  1215 | D:2      | Gained mutation: You are mostly covered in slimy green
                  | scales. (AC +3) [demonic ancestry]
  1215 | D:2      | Reached XP level 4. HP: 31/35 MP: 2/4
  1269 | D:2      | Reached skill level 4 in Unarmed Combat
  1764 | D:2      | Gained mutation: You are immune to rotting. [demonic
                  | ancestry]
  1764 | D:2      | Reached XP level 5. HP: 36/41 MP: 5/5
  1783 | D:2      | Found a shadowy altar of Dithmenos.
  2453 | D:3      | Found a basalt altar of Yredelemnul.
  2460 | D:3      | Found an ancient bone altar of Kikubaaqudgha.
  2667 | D:3      | Noticed Ijyb
  2706 | D:3      | Killed Ijyb
  2706 | D:3      | Reached skill level 5 in Unarmed Combat
  2797 | D:3      | Found an opulent altar of Gozag.
  3324 | D:3      | Found an iron altar of Okawaru.
  3653 | D:3      | Became a worshipper of Gozag Ym Sagoz the Greedy
  3992 | D:4      | Gained mutation: You have sharp toenails. [demonic
                  | ancestry]
  3992 | D:4      | Reached XP level 6. HP: 47/47 MP: 6/6
  4363 | D:4      | Reached skill level 6 in Unarmed Combat
  4743 | D:4      | Reached XP level 7. HP: 37/52 MP: 4/7
  4881 | D:4      | Reached skill level 7 in Unarmed Combat
  4998 | D:5      | Entered Level 5 of the Dungeon
  4998 | D:5      | Found a sand-covered staircase.
  5201 | Ossuary  | Entered an ossuary
  5555 | D:5      | Gained mutation: You are covered in fur. (AC +1) [potion of
                  | mutation]
  5555 | D:5      | Gained mutation: Your flesh is cold resistant. (rC+)
                  | [potion of mutation]
  5556 | D:5      | Lost mutation: Your flesh is cold resistant. (rC+) [potion
                  | of mutation]
  5556 | D:5      | Lost mutation: You are covered in fur. (AC +1) [potion of
                  | mutation]
  5556 | D:5      | Gained mutation: You are agile. (Dex +2) [potion of
                  | mutation]
  5556 | D:5      | Gained mutation: Your system is resistant to poisons.
                  | (rPois) [potion of mutation]
  5556 | D:5      | Gained mutation: Your flesh is cold resistant. (rC+)
                  | [potion of mutation]
  5563 | D:5      | Found a staircase to the Ecumenical Temple.
  5586 | D:5      | Reached skill level 8 in Unarmed Combat
  5586 | D:5      | Reached XP level 8. HP: 27/60 MP: 4/8
  5703 | D:5      | Found a bloodstained altar of Trog.
  5787 | D:5      | Found a white marble altar of Elyvilon.
  6059 | D:5      | Reached skill level 9 in Unarmed Combat
  6483 | D:6      | Found a sparkling altar of Nemelex Xobeh.
  6594 | D:6      | Found a shadowy altar of Dithmenos.
  7168 | D:6      | Gained mutation: You regenerate magic rapidly. [demonic
                  | ancestry]
  7168 | D:6      | Reached XP level 9. HP: 61/65 MP: 9/9
  7193 | D:6      | Reached skill level 10 in Unarmed Combat
  7362 | D:6      | Found a blossoming altar of Fedhas.
  7396 | D:6      | Noticed Pikel
  7413 | D:6      | Killed Pikel
  7829 | D:6      | Found a stormy altar of Qazlal.
  8080 | D:6      | Found a burning altar of Makhleb.
  8201 | D:7      | Reached skill level 11 in Unarmed Combat
  8451 | D:7      | Reached skill level 5 in Dodging
  9629 | D:8      | Reached XP level 10. HP: 37/71 MP: 10/10
 10167 | D:9      | Noticed Psyche
 10175 | D:9      | Killed Psyche
 10175 | D:9      | Reached skill level 12 in Unarmed Combat
 10209 | D:9      | Noticed a two-headed ogre
 10220 | D:9      | Killed a two-headed ogre
 10232 | D:9      | Learned a level 2 spell: Shroud of Golubria
 10235 | D:9      | Learned a level 2 spell: Song of Slaying
 10239 | D:9      | Learned a level 3 spell: Regeneration
 10289 | D:9      | Found a sacrificial altar of Ru.
 10585 | D:9      | Reached skill level 1 in Charms
 10816 | D:9      | Noticed Grum
 10852 | D:9      | Killed Grum
 11052 | D:9      | Found a glowing golden altar of the Shining One.
 11129 | D:10     | Entered Level 10 of the Dungeon
 11629 | D:10     | Reached skill level 1 in Shields
 11663 | D:10     | Killed an unseen horror
 11748 | D:10     | Reached skill level 13 in Unarmed Combat
 11966 | D:10     | Found a staircase to the Lair.
 12119 | D:10     | Found Ydololl's Gadget Boutique.
 12148 | D:10     | Bought a wand of iceblast (8) for 168 gold pieces
 12148 | D:10     | Bought a wand of digging (4) for 224 gold pieces
 12175 | D:10     | Gained mutation: You have razor-sharp toenails. [demonic
                  | ancestry]
 12175 | D:10     | Reached XP level 11. HP: 78/78 MP: 11/11
 12386 | Lair:1   | Entered Level 1 of the Lair of Beasts
 12827 | Lair:1   | Noticed reptisaurus's ghost (journeyman OgAE)
 12829 | Lair:1   | Noticed a four-headed hydra
 13404 | Lair:1   | Reached skill level 5 in Fighting
 13802 | Lair:1   | Found a transporter.
 13812 | Lair:1   | Found a transporter.
 13815 | Lair:1   | Noticed a dire elephant
 14188 | Lair:2   | Found a hide-covered altar of Uskayaw.
 15540 | Lair:3   | Found a transporter.
 15553 | Lair:3   | Noticed Loywebes's ghost (journeyman MiFi)
 15866 | Lair:3   | Identified the +9 spear of Contradiction {speed, +Inv rF+
                  | Int+7 Dex+4}
 15866 | Lair:3   | Noticed a spriggan rider
 15867 | Lair:3   | Found a bloodstained altar of Trog.
 15878 | Lair:3   | Found a transporter.
 16074 | Lair:3   | Reached skill level 14 in Unarmed Combat
 16097 | Lair:3   | Gained mutation: You may emit foul miasma when damaged in
                  | melee. [demonic ancestry]
 16097 | Lair:3   | Reached XP level 12. HP: 69/86 MP: 12/12
 16116 | Lair:3   | Reached skill level 5 in Shields
 16151 | Lair:3   | Reached skill level 5 in Charms
 16234 | Lair:3   | Found a staircase to the Snake Pit.
 16239 | Lair:3   | You fall through a shaft for 2 floors!
 16435 | Lair:5   | Noticed a six-headed hydra
 16544 | Lair:5   | Noticed Sonja
 16634 | Lair:3   | Got a scorched buckler
 16645 | Lair:3   | Identified the +3 buckler of Uziss {-Cast Dex+6} (You found
                  | it on level 3 of the Lair of Beasts)
 16812 | Lair:3   | Found a staircase to the Shoals.
 17189 | Lair:4   | Noticed Rupert
 17390 | Lair:4   | Noticed a five-headed hydra
 17559 | Lair:4   | Killed Rupert
 17562 | Lair:4   | Reached skill level 15 in Unarmed Combat
 17565 | Lair:4   | Reached skill level 1 in Spellcasting
 17851 | Lair:4   | Killed a five-headed hydra
 18073 | Lair:4   | You fall through a shaft for 2 floors!
 18073 | Lair:6   | Entered Level 6 of the Lair of Beasts
 18158 | Lair:6   | Reached XP level 13. HP: 88/93 MP: 12/14
 18504 | Lair:6   | Found a gate leading to a gauntlet.
 18529 | Gauntlet | Entered a Gauntlet
 18529 | Gauntlet | Found a transporter.
 18529 | Gauntlet | Found a transporter.
 18679 | Gauntlet | Found a transporter.
 18679 | Gauntlet | Found a transporter.
 18683 | Gauntlet | Found a runed translucent door.
 18685 | Gauntlet | Found a runed translucent door.
 18687 | Gauntlet | Found a transporter.
 18691 | Gauntlet | Found a transporter.
 18695 | Gauntlet | Found a runed translucent door.
 18695 | Gauntlet | Found a runed translucent door.
 18699 | Gauntlet | Found a transporter.
 18699 | Gauntlet | Noticed an entropy weaver
 18715 | Gauntlet | Found a transporter.
 18729 | Gauntlet | Found a transporter.
 18733 | Gauntlet | Found a transporter.
 18742 | Gauntlet | Found a transporter.
 18745 | Gauntlet | Found a transporter.
 18746 | Gauntlet | Found the ring of Robustness {AC+8}
 18764 | Gauntlet | Found a runed translucent door.
 19117 | Gauntlet | Got a creamy pearl robe
 19128 | Gauntlet | Identified the cursed +0 robe "Qynavedd" {Str+2} (You found
                  | it in a Gauntlet)
 19278 | Gauntlet | Killed an entropy weaver
 19278 | Gauntlet | Reached skill level 1 in Translocations
 19528 | Gauntlet | Got a bound lead amulet
 19542 | Gauntlet | Identified the +6 scale mail of Disguise {rCorr}
 19542 | Gauntlet | Noticed a minotaur
 19587 | Gauntlet | Killed a minotaur
 20130 | Lair:5   | Got a dazzling ring mail
 20141 | Lair:5   | Identified the cursed +1 ring mail of Untold Secrets
                  | {rElec} (You found it on level 5 of the Lair of Beasts)
 20181 | Lair:5   | Found a staircase to the Slime Pits.
 20537 | Lair:5   | HP: 3/96 [Sonja/wand of acid (7) (14)]
 20537 | Lair:5   | Splashed by Sonja's acid

Skill      XL: |  1  2  3  4  5  6  7  8  9 10 11 12 13 |
---------------+----------------------------------------+-----
Unarmed Combat | 3 4 5 6 8 9 11 13 14 15 | 15.8
Stealth        | 2 3 4 |  4.3
Dodging        | 3 4 5 6 7 8 9 |  9.0
Fighting       | 4 5 7 |  7.0
Charms         | 2 4 6 7 |  7.3
Shields        | 1 4 5 |  5.0
Spellcasting   | 1 |  1.3
Translocations | 1 |  1.5
Armour         | |  0.1
Evocations     | |  0.1

Action                   |  1- 3 |  4- 6 |  7- 9 | 10-12 | 13-15 || total
-------------------------+-------+-------+-------+-------+-------++-------
Melee: Unarmed           |   155 |   350 |   574 |   969 |   268 ||  2316
       Punch             |     2 |    12 |    26 |    13 |       ||    53
       Kick              |       |    14 |    64 |       |       ||    78
Throw: Throwing net      |       |       |       |     1 |       ||     1
 Cast: Shroud of Golubri |       |       |       |     6 |    24 ||    30
       Song of Slaying   |       |       |       |     6 |    12 ||    18
Invok: Potion Petition   |       |       |       |       |     1 ||     1
Evoke: Wand              |       |       |     1 |    20 |     6 ||    27
       Fan of gales      |       |       |       |       |     1 ||     1
  Use: Scroll            |     1 |     3 |    13 |    15 |     6 ||    38
       Potion            |       |       |     5 |    25 |     9 ||    39
 Stab: Sleeping          |     7 |     3 |     8 |    13 |     1 ||    32
       Distracted        |       |       |     5 |    10 |     2 ||    17
       Confused          |       |       |       |       |    11 ||    11
       Petrified         |       |       |       |       |     3 ||     3
  Eat: Chunk             |       |     8 |       |       |       ||     8
       Ration            |       |     1 |     5 |     9 |     3 ||    18
Armor: Robe              |    37 |    82 |   131 |   216 |   100 ||   566
       Skin              |       |     3 |       |       |       ||     3
       Leather armour    |       |       |       |       |    14 ||    14
Dodge: Dodged            |   116 |   207 |   349 |   581 |   332 ||  1585
Block: Buckler           |       |       |       |   365 |   303 ||   668
       Reflection        |       |       |       |    14 |     4 ||    18
